 Dungeon Crawl Stone Soup version 0.31.0-7-gf635a9b802 (webtiles) character file.

Game seed: 227723633139068215

9022 Aldia the Fighter (level 11, -7/100 (120) HPs)
             Began as an Oni Warper on Jan 23, 2024.
             Was a High Priest of Elyvilon.
             Mangled by a minotaur
             ... wielding the +9 halberd of Integrity {drain, rN+}
              (13 damage)
             ... in a Gauntlet.
             The game lasted 00:28:10 (11622 turns).

Aldia the Fighter (Oni Warper)                     Turns: 11622, Time: 00:28:10

HP:   -7/100 (120)  AC: 27    Str: 27    XL:     11   Next: 40%
MP:   17/17         EV:  9    Int: 20    God:    Elyvilon [*****.]
Gold: 536           SH:  5    Dex:  8    Spells: 6/16 levels left

rFire   . . .        l - +7 staff of the Meek {protect, meekguard}
rCold   . . .        (shield currently unavailable)
rNeg    . . .        b - +0 robe
rPois   .            a - +3 hat of Amorality {Int+6}
rElec   .            D - +2 cloak {Will+}
rCorr   .            (gloves unavailable)
SInv    .            (boots unavailable)
Will    ++...        y - amulet of reflection
Stlth   +            j - +4 ring of protection
HPRegen 0.36/turn    t - +6 ring of strength
MPRegen 0.15/turn

%: no teleportation, reflection
@: under a protective aura, heavily drained
A: large, unfitting armour, horns 1, tough skin 1, double potion healing,
drunken brawling
a: Renounce Religion, Purification, Heal Other, Heal Self, Divine Vigour


You were in a Gauntlet.
You worshipped Elyvilon.
Elyvilon was extremely pleased with you.
You visited 2 branches of the dungeon, and saw 12 of its levels.
You also visited: Ossuary and Gauntlet.

You collected 767 gold pieces.
You spent 231 gold pieces at shops.

Inventory:

Hand Weapons
 l - the +7 staff of the Meek (weapon) {protect, meekguard}
   (You found it on level 2 of the Dungeon)
 P - a +1 giant spiked club
Missiles
 d - 7 darts of dispersal
 m - 2 throwing nets
 u - 6 large rocks (quivered)
 z - 10 poisoned darts
 Q - a curare-tipped dart
Armour
 a - the +3 hat of Amorality (worn) {Int+6}
   (You found it in a Gauntlet)

   Int+6:     It affects your intelligence (+6).
 b - a +0 robe (worn)
 D - a +2 cloak of willpower (worn)
 W - a +2 cloak of preservation
Magical Staves
 U - a staff of conjuration
Jewellery
 j - a +4 ring of protection (left hand)
 o - a ring of poison resistance
 p - a ring of flight
 t - a +6 ring of strength (right hand)
 v - the ring of Intercession {*Slow Fly rElec rPois Slay-4}
   (You found it in a Gauntlet)

   [ring of poison resistance]

   Slay-4:    It affects your accuracy & damage with ranged weapons and melee
   (-4).
   rElec:     It insulates you from electricity.
   rPois:     It protects you from poison Fly: It grants you flight.
   *Slow:     It may slow you when you take damage.
 y - an amulet of reflection (around neck)
 I - an amulet of faith
 N - a +4 ring of protection
 S - a +6 ring of dexterity
 X - a +6 ring of strength
Talismans
 Y - a maw talisman
Wands
 E - a wand of digging (3)
 T - a wand of charming (12)
 Z - a wand of iceblast (5)
Scrolls
 c - 3 scrolls of blinking
 f - 3 scrolls of amnesia
 h - a scroll of fog
 i - a scroll of enchant weapon
 k - a scroll of noise
 q - 2 scrolls of fear
 s - 9 scrolls of teleportation
 B - 4 scrolls of revelation
 F - 3 scrolls of silence
 J - a scroll of vulnerability
 K - 2 scrolls of poison
 R - 2 scrolls of immolation {unknown}
 V - a scroll of torment {unknown}
Potions
 e - a potion of resistance
 g - 5 potions of curing
 n - a potion of degeneration {unknown}
 r - 9 potions of heal wounds
 w - 2 potions of attraction
 x - 3 potions of magic
 A - a potion of cancellation {unknown}
 C - 2 potions of ambrosia
 G - 2 potions of lignification
 H - 3 potions of enlightenment
 L - 3 potions of mutation
 M - a potion of haste
 O - a potion of brilliance {unknown}


   Skills:
 + Level 11.0 Fighting
 * Level 11.0 Maces & Flails
 - Level 1.2(7.0) Staves
 - Level 3.5 Throwing
 - Level 2.1 Dodging
 - Level 3.0 Spellcasting
 - Level 7.0 Translocations
 + Level 9.0 Invocations


You had 6 spell levels left.
You knew the following spells:

 Your Spells              Type           Power      Damage    Failure   Level
a - Blink                 Tloc           62%        N/A       1%          2
b - Manifold Assault      Tloc           31%        N/A       8%          4
c - Vhi's Electric Charg  Tloc/Air       34%        N/A       32%         4

Your spell library contained the following spells:

 Spells                   Type           Power      Damage    Failure   Level
 Lesser Beckoning         Tloc           62%        N/A       1%          2
 Teleport Other           Tloc           31%        N/A       2%          3
 Freeze                   Ice            12%        1d3       14%         1
 Summon Small Mammal      Summ           12%        N/A       14%         1
 Sublimation of Blood     Necr           3%         N/A       22%         2
 Dimensional Bullseye     Hex/Tloc       8%         N/A       32%         4
 Iskenderun's Mystic Bla  Conj/Tloc      17%        2d5       32%         4
 Call Canine Familiar     Summ           3%         N/A       38%         3
 Frozen Ramparts          Ice            6%         1d1       38%         3
 Hailstorm                Conj/Ice       3%         3d5       38%         3
 Tukima's Dance           Hex            3%         N/A       38%         3
 Petrify                  Alch/Erth      3%         N/A       80%         4
 Summon Blazeheart Golem  Fire/Summ      3%         N/A       80%         4
 Fireball                 Conj/Fire      1%         3d3       98%         5
 Irradiate                Conj/Alch      1%         3d12      98%         5
 Iskenderun's Battlesphe  Conj           3%         2d6       98%         5
 Bombard                  Conj/Erth      1%         9d1       100%        6
 Eringya's Noxious Bog    Alch           1%         4d6       100%        6
 Orb of Destruction       Conj           1%         9d5       100%        7
 Spellforged Servitor     Conj/Summ      1%         N/A       100%        7


Dungeon Overview and Level Annotations

Branches:
Dungeon (11/15)            Temple (1/1) D:7            Lair (0/5) D:8
Ossuary (visited)         Gauntlet (1/1)
    Orc: D:9-12

Altars:
Ashenzari
Cheibriados
Dithmenos
Elyvilon
Fedhas
Gozag
Hepliaklqana
Kikubaaqudgha
Makhleb
Nemelex Xobeh
Okawaru
Qazlal
Ru
Sif Muna
Trog
Uskayaw
Vehumet
Wu Jian
Xom
Yredelemnul
Zin
The Shining One

Shops:
D:3 !   D:10 (

Annotations:
Gauntlet 8 transporters, 4 runed translucent doors, exclusion: lightning spire


Innate Abilities, Weirdness & Mutations

You are too large for most types of armour.
You have a pair of small horns on your head.
You have tough skin. (AC +1)
You gain doubled healing and magic from potions.
Whenever you drink a healing potion, you attack all around you.


Message History

You throw a large rock. The large rock hits the minotaur.
The minotaur is lightly wounded.
The minotaur throws a javelin.
The javelin barely misses you.
The minotaur throws a javelin.
The javelin barely misses you.
Unknown command.
Throw: 7 large rocks
Press: ? - help, Q - select action, (/) - cycle Shift-Dir - straight line, f/p - minotaur
Aim: a minotaur, wielding the +9 halberd of Integrity {drain, rN+}, wearing a +0 plate armour and quivering javelins (lightly wounded, 74% to hit)
You throw a large rock.
The large rock closely misses the minotaur.
The minotaur throws a javelin.
The javelin pierces through you but does no damage.
Unknown command.
The minotaur closely misses you.
There is an open door here.
The minotaur barely misses you. The minotaur gores you.
You hit the minotaur but do no damage.
Your weapon exudes an aura of protection.
You headbutt the minotaur!
The minotaur is lightly wounded.
You hit the minotaur but do no damage.
The minotaur is lightly wounded.
The minotaur hits you with the +9 halberd of Integrity {drain, rN+}!!!
You feel drained. You block the minotaur's attack.
You sock the minotaur!
You headbutt the minotaur, but do no damage.
The minotaur is moderately wounded.
The minotaur hits you with the +9 halberd of Integrity {drain, rN+}!
You feel drained.
The minotaur gores you but does no damage.
You sock the minotaur!
The minotaur is moderately wounded.
The minotaur hits you with the +9 halberd of Integrity {drain, rN+}!
You feel drained. You block the minotaur's attack.
You hit the minotaur.
The minotaur is heavily wounded.
The minotaur hits you with the +9 halberd of Integrity {drain, rN+}!!
* * * LOW HITPOINT WARNING * * *
You feel drained.
You die...

##.#..##
.+.#..≈#########
####.§###.##...#
......##..##.#.#
####..#......#.#
#.##..#...##.#.# ##+##
.#.#.8#.©.##...# ..⌠.#
#)##..#...##.#.##∩...#
.#©#.∩#.©....#.'@H(.(+
#.##..#...##.#.##.⌠..#
.#.#.8#.©.##...# #+###
#.##..#...##.#.#
####..#......#.#
......##..##.#.#
####..###.##...#
.3*#..≈#########
##!#..##


You could see a minotaur.

Vanquished Creatures
  Maurice (D:8)
  2 cyclopes
  A komodo dragon (D:8)
  A hornet (D:6)
  A raiju (Gauntlet)
  A shadow (D:10)
  3 wraiths
  A fire elemental (Gauntlet)
  A steam dragon (D:7)
  4 vampire mosquitoes (D:10)
  An acid dragon (D:8)
  3 orc warriors
  2 hell hounds (Gauntlet)
  4 water moccasins
  An ice beast (D:5)
  3 black bears
  A sky beast (D:6)
  2 ogres (D:5)
  5 centaurs
  A phantom (D:5)
  3 kobold brigands
  2 bullfrogs
  2 scorpions (D:6)
  A gnoll sergeant (D:8)
  5 wights (D:7)
  6 killer bees (D:9)
  6 howler monkeys
  4 bullfrog zombies (Ossuary)
  4 hounds
  3 jellies
  3 bombardier beetles
  A gnoll bouda (D:8)
  An orc priest (D:10)
  4 iguanas
  A sleepcap (D:5)
  Terence (D:3)
  7 orc wizards
  4 crocodile zombies (Ossuary)
  4 hound zombies (Ossuary)
  10 mummies (Ossuary)
  Robin (D:3)
  13 gnolls
  3 howler monkey zombies (Ossuary)
  13 adders
  A shadow imp (D:7)
  2 ufetubi (D:5)
  4 dart slugs
  A ribbon worm (D:3)
  30 orcs
  6 ball pythons
  2 bats
  9 endoplasms
  2 giant cockroaches
  16 goblins
  14 hobgoblins
  7 jackals
  21 kobolds
  4 quokkas
  A ball python zombie (Ossuary)
  2 frilled lizards
  5 rats
268 creatures vanquished.

Notes
Turn   | Place    | Note
-------+----------+-------------------------------------------
     0 | D:1      | Aldia the Oni Warper began the quest for the Orb.
     0 | D:1      | Reached XP level 1. HP: 22/22 MP: 3/3
   309 | D:1      | Reached XP level 2. HP: 26/29 MP: 5/5
   407 | D:1      | Learned a level 2 spell: Blink
   774 | D:1      | Reached XP level 3. HP: 20/37 MP: 6/6
  1446 | D:2      | Found the +7 staff of the Meek {protect, meekguard}
  1699 | D:3      | Found a white marble altar of Elyvilon.
  1704 | D:3      | Reached XP level 4. HP: 46/46 MP: 7/7
  1709 | D:3      | Noticed Terence
  1717 | D:3      | Killed Terence
  1739 | D:3      | Became a worshipper of Elyvilon the Healer
  1840 | D:3      | Reached skill level 1 in Staves
  1840 | D:3      | Reached XP level 5. HP: 47/54 MP: 8/8
  2014 | D:3      | Reached skill level 1 in Invocations
  2060 | D:3      | Found Gian's Distillery.
  2077 | D:3      | Bought a potion of heal wounds for 55 gold pieces
  2077 | D:3      | Bought a potion of curing for 33 gold pieces
  2240 | D:3      | Noticed Robin
  2265 | D:3      | Killed Robin
  2538 | D:4      | Found an opulent altar of Gozag.
  2596 | D:4      | Reached * piety under Elyvilon
  2600 | D:4      | Reached XP level 6. HP: 63/63 MP: 9/9
  2670 | D:4      | Found a shimmering altar of Xom.
  2787 | D:4      | Learned a level 4 spell: Manifold Assault
  2792 | D:4      | Learned a level 4 spell: Vhi's Electric Charge
  3040 | D:4      | Found a burning altar of Makhleb.
  3226 | D:4      | Reached skill level 5 in Fighting
  3517 | D:5      | Entered Level 5 of the Dungeon
  3536 | D:5      | Found a sand-covered staircase.
  3541 | Ossuary  | Entered an ossuary
  3544 | Ossuary  | Reached ** piety under Elyvilon
  3550 | Ossuary  | Reached XP level 7. HP: 71/72 MP: 10/10
  3733 | Ossuary  | Reached skill level 5 in Maces & Flails
  3733 | Ossuary  | Reached XP level 8. HP: 83/83 MP: 11/11
  3971 | D:3      | Bought a potion of attraction for 33 gold pieces
  3971 | D:3      | Bought a potion of haste for 110 gold pieces
  4022 | D:5      | Reached skill level 5 in Translocations
  4035 | D:5      | Found a shadowy altar of Dithmenos.
  4099 | D:5      | Reached skill level 5 in Invocations
  4586 | D:5      | Reached XP level 9. HP: 88/93 MP: 13/13
  4864 | D:6      | Noticed a hornet
  4952 | D:6      | Killed a hornet
  5167 | D:6      | Reached *** piety under Elyvilon
  5963 | D:7      | Found a staircase to the Ecumenical Temple.
  5990 | Temple   | Entered the Ecumenical Temple
  6126 | D:7      | Got Plog's Directory of Variable Calefaction
  6197 | D:7      | Found a glowing golden altar of the Shining One.
  6258 | D:7      | Reached XP level 10. HP: 100/106 MP: 15/15
  6614 | D:7      | Found an iron altar of Okawaru.
  6928 | D:8      | Noticed Jeremiah
  6954 | D:8      | Noticed Maurice
  6954 | D:8      | Noticed a cyclops
  6980 | D:7      | Killed a cyclops
  6999 | D:8      | Something stole a ring of flight
  7003 | D:8      | Something stole a curare-tipped dart
  7008 | D:8      | Something stole a +0 mace
  7233 | D:8      | Something stole 169 gold
  7239 | D:8      | Killed Maurice
  7241 | D:8      | Pacified Jeremiah
  7642 | D:8      | Reached skill level 10 in Fighting
  7707 | D:8      | Found a staircase to the Lair.
  7816 | D:8      | Found a radiant altar of Vehumet.
  7960 | D:8      | Reached **** piety under Elyvilon
  8545 | D:9      | Reached skill level 10 in Maces & Flails
  8749 | D:9      | Reached ***** piety under Elyvilon
  9123 | D:10     | Entered Level 10 of the Dungeon
  9160 | D:10     | Found a hide-covered altar of Uskayaw.
  9176 | D:10     | Reached XP level 11. HP: 97/119 MP: 17/17
  9330 | D:10     | Found a hazy altar of Hepliaklqana.
  9643 | D:10     | Noticed a two-headed ogre
  9644 | D:10     | Pacified a two-headed ogre
  9846 | D:10     | Found Idauni's Antique Weapon Shop.
 10200 | D:11     | Noticed a cyclops
 10212 | D:11     | Killed a cyclops
 10255 | D:11     | Found a gate leading to a gauntlet.
 10267 | Gauntlet | Entered a Gauntlet
 10267 | Gauntlet | Noticed a necromancer
 10267 | Gauntlet | Found a transporter.
 10267 | Gauntlet | Found a runed translucent gate.
 10267 | Gauntlet | Found a transporter.
 10267 | Gauntlet | Found a runed translucent gate.
 10269 | Gauntlet | Noticed a worldbinder
 10271 | Gauntlet | Noticed a death scarab
 10274 | Gauntlet | Found a transporter.
 10286 | Gauntlet | Found a transporter.
 10304 | Gauntlet | Found a transporter.
 10304 | Gauntlet | Found a transporter.
 10304 | Gauntlet | Found a transporter.
 10306 | Gauntlet | Found a transporter.
 10307 | Gauntlet | Found a transporter.
 10309 | Gauntlet | Noticed a sixfirhy
 10315 | Gauntlet | Noticed a sixfirhy
 10321 | Gauntlet | Found a transporter.
 10329 | Gauntlet | Found a runed translucent door.
 10335 | Gauntlet | Noticed a lightning spire
 10336 | Gauntlet | Found a transporter.
 10343 | Gauntlet | Noticed a wretched star
 10346 | Gauntlet | Found a transporter.
 10360 | Gauntlet | Found a transporter.
 10394 | Gauntlet | Found a transporter.
 10400 | Gauntlet | Found a runed translucent gate.
 10493 | Gauntlet | Identified the +5 sling of Dominance {heavy, rN+}
 10579 | Gauntlet | Identified the ring of Intercession {*Slow Fly rElec rPois
                  | Slay-4}
 11563 | Gauntlet | Identified the +3 hat of Amorality {Int+6}
 11613 | Gauntlet | Identified the +9 halberd of Integrity {drain, rN+}
 11613 | Gauntlet | Noticed a minotaur
 11622 | Gauntlet | Mangled by a minotaur

Illustrated notes

Levels and vault maps discovered:
D:1:      dpeg_arrival_rooms_b, layout_basic
D:2:      layout_rooms, nrook_campfire, nicolae_the_louvre
D:3:      layout_loops_ring, amcnicky_altar_gilded, serial_shops,
          nicolae_shop_getting_attention, uniq_robin, uniq_terence
D:4:      minmay_chambers_of_fours, layout_rooms, makhleb_heckhound_becter,
          grunt_gozag_statues, xom_teletrap_fun, roderic_lattice_a,
          kennysheep_nondescript, minivault_26, minmay_increasing_density
D:5:      minmay_thinvault, layout_loops_cross, kennysheep_little_box,
          enter_ossuary_5
D:6:      layout_loops_ring, chequers_avenue
D:7:      layout_rooms, lemuel_doored_altar, lemuel_round_altar,
          minmay_temple_entry_drinking_statues, kennysheep_another_room
D:8:      layout_rooms, mainiacjoe_overflow_paths, david_lair_shrubbed,
          uniq_jeremiah, uniq_maurice
D:9:      layout_grid_maze
D:10:     layout_loops_ring, mainiacjoe_overflow_boulevard,
          mainiacjoe_overflow_brackets, serial_shops, nicolae_lakefront_shop
D:11:     layout_basic, portal_ice_cave_entry_animals_and_master,
          gauntlet_entry_generic, vehumet_crystals
Temple:   nicolae_temple_bog_church
Gauntlet: gammafunk_gauntlet_mixed_choke_point
          [minmay_gauntlet_arena_77_run_for_it,
          minmay_gauntlet_arena_77_chump_sandwich,
          minmay_gauntlet_arena_77_radiant_squares,
          gammafunk_gauntlet_arena_crates,
          minmay_gauntlet_arena_77_broken_ladder,
          minmay_gauntlet_arena_77_checkered, minmay_gauntlet_arena_77_path,
          gauntlet_exit_hidden_loot]

Skill      XL: |  1  2  3  4  5  6  7  8  9 10 11 |
---------------+----------------------------------+-----
Fighting       | 3 4 5 6 7 8 10 11 | 11.0
Translocations | 3 4 5 6 7 |  7.0
Maces & Flails | 3 4 5 6 8 10 11 | 11.0
Staves         | 1 |  1.2
Invocations    | 2 4 5 7 8 9 |  9.0
Spellcasting   | 3 |  3.0
Throwing       | 2 3 |  3.5
Dodging        | |  2.1

Action                     |  1- 3 |  4- 6 |  7- 9 | 10-12 || total
---------------------------+-------+-------+-------+-------++-------
  Melee: Mace              |   118 |       |       |       ||   118
         Headbutt          |    11 |    17 |    48 |    60 ||   136
         Punch             |     1 |       |       |       ||     1
         Quarterstaff      |     9 |   140 |   308 |   370 ||   827
  Throw: Large rock        |       |       |       |     2 ||     2
   Cast: Manifold Assault  |       |       |       |     2 ||     2
 Invoke: Heal Other        |       |       |       |     3 ||     3
         Heal Self         |       |       |       |     1 ||     1
  Evoke: Wand              |       |       |     1 |       ||     1
    Use: Scroll            |       |     7 |     9 |     2 ||    18
         Potion            |       |       |     1 |     3 ||     4
 Armour: Robe              |   121 |    94 |   208 |   420 ||   843
  Dodge: Dodged            |    73 |    66 |    85 |   149 ||   373
  Block: Other             |       |    21 |    47 |    86 ||   154
         Reflection        |       |       |     1 |     6 ||     7
